 Dungeon Crawl Stone Soup version 0.19-a0-1201-gda63bca (webtiles) character file.

44 kosy22 the Ruffian (level 3, 0/31 HPs)
             Began as a Naga Transmuter on Aug 20, 2016.
             Was an Initiate of Cheibriados.
             Slain by a goblin (2 damage)
             ... on level 2 of the Dungeon.
             The game lasted 00:06:20 (2244 turns).

kosy22 the Ruffian (Naga Transmuter)                Turns: 2244, Time: 00:06:21

Health: 0/31       AC:  2    Str: 14    XL:     3   Next: 60%
Magic:  5/6        EV: 10    Int: 14    God:    Cheibriados [......]
Gold:   109        SH:  0    Dex: 12    Spells: 3 memorised, 0 levels left

rFire  . . .     SeeInvis +     e - +0 short sword
rCold  . . .     Gourm    .     b - +0 robe
rNeg   . . .     Faith    .     (no shield)
rPois  +         Spirit   .     (no helmet)
rElec  .         Dismiss  .     (no cloak)
rCorr  .         Reflect  .     (no gloves)
MR     .....     Harm     .     (no barding)
Stlth  ++........               (no amulet)
                                (no ring)
                                m - ring of stealth

@: appendage, very slow
A: horns 2, see invisible, deformed body, poison resistance, slowness 2, slow
metabolism 1, spit poison 2, AC +1
a: Spit Poison, End Transformation, Bend Time, Renounce Religion


You were on level 2 of the Dungeon.
You worshipped Cheibriados.
Cheibriados was noncommittal.
You were not hungry.
You had grown temporary horns.
You visited 1 branch of the dungeon, and saw 2 of its levels.

You collected 109 gold pieces.

Inventory:

Hand Weapons
 e - a +0 short sword (weapon)
Missiles
 a - 46 arrows
Armour
 b - a +0 robe (worn)
Jewellery
 m - a ring of stealth (left hand)
Scrolls
 f - a scroll of blinking
 g - 2 scrolls of amnesia
Potions
 d - a potion of agility {unknown}
 j - a potion of brilliance {unknown}
 k - a potion of ambrosia {unknown}
Books
 c - a book of Changes

   Spells                             Type                      Level
   a - Beastly Appendage              Transmutation                1
   b - Sticks to Snakes               Transmutation                2
   c - Spider Form                    Transmutation/Poison         3
   d - Ice Form                       Ice/Transmutation            4
   e - Blade Hands                    Transmutation                5
Comestibles
 h - a meat ration
 i - a chunk of flesh


   Skills:
 + Level 1.5 Fighting
 + Level 0.2 Short Blades
 + Level 2.2 Dodging
 + Level 3.6 Unarmed Combat
 + Level 2.0 Spellcasting
 + Level 2.0 Transmutations


You couldn't memorise any spells.
You knew the following spells:

 Your Spells              Type           Power        Failure   Level  Hunger
a - Beastly Appendage     Tmut           #.....       12%         1    ##.....
b - Sticks to Snakes      Tmut           #.......     17%         2    ###....
c - Spider Form           Tmut/Pois      #.........   47%         3    ####...


Dungeon Overview and Level Annotations

Branches:
Dungeon (2/15)

Altars:
Cheibriados


Innate Abilities, Weirdness & Mutations

You cannot wear boots.
Your serpentine skin is tough. (AC +1)
You have supernaturally acute eyesight. (SInv)
Armour fits poorly on your strangely shaped body.
Your system is resistant to poisons. (rPois)
You cover ground very slowly.
You have a slow metabolism.
You can spit poison.
You have a pair of horns on your head.


Message History

Your magical contamination has completely faded away.
The bat closely misses you. The bat hits you but does no damage.
The bat barely misses you. The bat barely misses you.
The goblin closely misses you.
You hit the goblin but do no damage. The goblin hits you.
* * * LOW HITPOINT WARNING * * *
You closely miss the goblin. The goblin barely misses you.
The goblin closely misses you.
You miss the goblin. The goblin hits you.
* * * LOW HITPOINT WARNING * * *
You barely miss the goblin. The goblin closely misses you.
You barely miss the goblin. The goblin barely misses you.
Casting: Beastly Appendage
Confirm with . or Enter, or press ? or * to list all spells.
You grow a pair of large bovine horns.
The goblin hits you.
* * * LOW HITPOINT WARNING * * *
You closely miss the goblin. The goblin hits you.
* * * LOW HITPOINT WARNING * * *
The goblin hits you.
You die...

##(##.............#.#
#.((..#####.......#.#####
##.#### #.##.##........ #(#
#.##.##...####.# #.#
#.##.##....>##.##
##)########.##.##...#.....
##...#.....#...........##.#
#......###.####..#...#.##.# <
#....#.# #..@gb...........##.
#.#.##.###.#####)###.##≈≈≈...
#.####.....# #.# ###≈≈≈≈≈..
#.# ###.### #.# #_≈≈.≈≈.. #.#
#.#######.# ###≈≈≈≈≈.. #.#
#.........# #.#.≈≈≈... #.#
########..# #.#.#####. #.#
#..# #.#.# . #.# #.†###.#.#


You could see a goblin and a bat.

Vanquished Creatures
  An adder (D:2)
  An ooze (D:1)
  A dart slug (D:2)
  A worm (D:2)
  A giant gecko (D:1)
  A giant cockroach (D:1)
  3 goblins (D:2)
  5 hobgoblins
  2 bats
  4 giant newts (D:1)
  3 kobolds (D:1)
  5 rats
28 creatures vanquished.

Notes
Turn   | Place    | Note
-------+----------+-------------------------------------------
     0 | D:1      | kosy22 the Naga Transmuter began the quest for the Orb.
     0 | D:1      | Reached XP level 1. HP: 18/18 MP: 3/3
   559 | D:1      | Reached XP level 2. HP: 7/25 MP: 5/5
   833 | D:1      | Learned a level 2 spell: Sticks to Snakes
  1812 | D:2      | Reached XP level 3. HP: 25/31 MP: 6/6
  1818 | D:2      | Learned a level 3 spell: Spider Form
  1833 | D:2      | Found a snail-covered altar of Cheibriados.
  1849 | D:2      | Became a worshipper of Cheibriados the Contemplative
  2244 | D:2      | Slain by a goblin

Vault maps used:
D:1:      dpeg_arrival_houses_and_road, minmay_stone_trees_small
D:2:      nicolae_ru_sacrificial_ziggurat, kennysheep_slug_shrine

Skill      XL: |  1  2  3 |
---------------+----------+-----
Dodging        | 2 |  2.2
Fighting       | |  1.5
Short Blades   | |  0.2
Unarmed Combat | |  3.6
Spellcasting   | |  2.0
Transmutations | |  2.0

Action                   || total
-------------------------++-------
Melee: Unarmed           ||    50
       Headbutt          ||     7
       Short sword       ||   100
       Punch             ||     2
 Cast: Beastly Appendage ||     8
  Use: Scroll            ||     6
  Eat: Bread ration      ||     1
       Chunk             ||     1
Armor: Robe              ||    36
Dodge: Dodged            ||   103
